 Dungeon Crawl Stone Soup version 0.27-a0-668-gb5737ff2c0 (webtiles) character file.

Game seed: 7109190557522899430

150 Lanoc the Skirmisher (level 5, -12/62 HPs)
             Began as an Ogre Wanderer on Mar 18, 2021.
             Was an Initiate of the Shining One.
             Mangled by an ogre
             ... wielding a +0 giant spiked club
              (17 damage)
             ... on level 4 of the Dungeon.
             The game lasted 00:03:04 (2928 turns).

Lanoc the Skirmisher (Ogre Wanderer)                Turns: 2928, Time: 00:03:04

Health: -12/62     AC:  3    Str: 21    XL:     5   Next: 32%
Magic:  5/5        EV: 10    Int: 15    God:    the Shining One [......]
Gold:   114        SH:  0    Dex:  8    Spells: 4/4 levels left

rFire    . . .     SeeInvis .   a - +2 dagger
rCold    . . .     Faith    .   (no shield)
rNeg     . . .     Spirit   .   e - +0 robe
rPois    .         Reflect  .   (helmet restricted)
rElec    .         Harm     .   (no cloak)
rCorr    .         Rampage  .   (gloves unavailable)
Will     .....                  (boots unavailable)
Stlth    +.........             (no amulet)
HPRegen  0.20/turn              o - +6 ring of strength
MPRegen  0.09/turn              (no ring)

@: glowing
A: large, unfitting armour, tough skin 1
a: Renounce Religion


You were on level 4 of the Dungeon.
You worshipped the Shining One.
The Shining One was noncommittal.
You visited 1 branch of the dungeon, and saw 4 of its levels.

You collected 114 gold pieces.

Inventory:

Hand Weapons
 a - a +2 dagger (weapon)
 c - a +0 spear
Armour
 e - a +0 robe (worn)
Jewellery
 o - a +6 ring of strength (right hand)
Scrolls
 b - a scroll of fear
 f - a scroll of vulnerability {unknown}
 g - 4 scrolls of identify {unknown}
 h - a scroll of immolation {unknown}
 i - 2 scrolls of fog {unknown}
 j - a scroll of teleportation {unknown}
 k - a scroll of acquirement {unknown}
Potions
 d - a potion of lignification
 m - a potion of curing {unknown}
 n - a potion of flight {unknown}
 p - 2 potions of degeneration {unknown}


   Skills:
 + Level 7.1 Fighting
 + Level 3.6 Dodging
 - Level 2.1 Stealth
 - Level 1.0 Shields


You had 4 spell levels left.
You didn't know any spells.
Your spell library was empty.

Dungeon Overview and Level Annotations

Branches:
Dungeon (4/15)
 Temple: D:4-7

Altars:
Makhleb
Okawaru
Uskayaw
Vehumet
The Shining One


Innate Abilities, Weirdness & Mutations

You are too large for most types of armour.
You have tough skin. (AC +1)


Message History

The hound is almost dead.
The hound bites you.
You hit the hound.
The hound is almost dead.
The hound bites you but does no damage. The hound barely misses you.
You hit the hound.
You kill the hound!
Your Fighting skill increases to level 7!
Throw: 5 large rocks
Press: ? - help, Q - select action Shift-Dir - straight line, f - ogre
Aim: an ogre, wielding a +0 giant spiked club (73% to hit)
You throw a large rock. The large rock hits the ogre!
The ogre is heavily wounded.
The ogre closely misses you.
The ogre hits you with a +0 giant spiked club!
Throw: 4 large rocks
Press: ? - help, Q - select action Shift-Dir - straight line, f/p - ogre
Aim: an ogre, wielding a +0 giant spiked club (heavily wounded, 73% to hit)
You throw a large rock. The large rock barely misses the ogre.
The ogre closely misses you.
The ogre hits you with a +0 giant spiked club.
Throw: 3 large rocks
Press: ? - help, Q - select action Shift-Dir - straight line, f/p - ogre
Aim: an ogre, wielding a +0 giant spiked club (heavily wounded, 73% to hit)
You throw a large rock. The large rock hits the ogre!
The ogre is severely wounded.
The ogre completely misses you. The ogre barely misses you.
Throw: 2 large rocks
Press: ? - help, Q - select action Shift-Dir - straight line, f/p - ogre
Aim: an ogre, wielding a +0 giant spiked club (severely wounded, 73% to hit)
You throw a large rock. The large rock barely misses the ogre.
The ogre misses you.
The ogre hits you with a +0 giant spiked club!!
* * * LOW HITPOINT WARNING * * *
Throw: large rock
Press: ? - help, Q - select action Shift-Dir - straight line, f/p - ogre
Aim: an ogre, wielding a +0 giant spiked club (severely wounded, 73% to hit)
You throw a large rock. The large rock barely misses the ogre.
The ogre hits you with a +0 giant spiked club!
You die...

###############
#............(..
#...............
#...............
#...............#
#(..............#
#########...............+ ..
..........#O###......... ...
..........#.@.#......... ...#
..........#...#.....#####...#
.......O..#...'.....'.......#
..........#...#.....#..)....#
..........#+###.....#..##...#
#.....##'## #.....###..##...#
#..... ... #.....#.........#
#..... ... #.....#.........#
#..... ... #.....#....รท....+


You could see an ogre.

Vanquished Creatures
  A howler monkey (D:4)
  A hound (D:4)
  An iguana (D:4)
  A hound skeleton (D:4)
  An ooze (D:1)
  A worm (D:3)
  5 orcs
  3 giant cockroaches
  5 goblins
  2 hobgoblins
  3 kobolds
  2 quokkas (D:3)
  3 bats (D:3)
  2 frilled lizards (D:2)
  A rat (D:3)
32 creatures vanquished.

Notes
Turn   | Place    | Note
-------+----------+-------------------------------------------
     0 | D:1      | Lanoc the Ogre Wanderer began the quest for the Orb.
     0 | D:1      | Lanoc set off with the following items: a +2 dagger, a
                  | scroll of fear, a +0 spear, a potion of lignification, a +0
                  | robe
     0 | D:1      | Reached XP level 1. HP: 27/27 MP: 1/1
   186 | D:1      | Reached XP level 2. HP: 30/35 MP: 2/2
   846 | D:3      | Reached XP level 3. HP: 24/44 MP: 3/3
  1062 | D:3      | Reached skill level 6 in Fighting
  1383 | D:3      | Found an iron altar of Okawaru.
  1389 | D:3      | Found a burning altar of Makhleb.
  1390 | D:3      | Found a glowing golden altar of the Shining One.
  1390 | D:3      | Found a hide-covered altar of Uskayaw.
  1763 | D:3      | Became a worshipper of the Shining One
  2346 | D:4      | Reached XP level 4. HP: 42/53 MP: 4/4
  2589 | D:4      | Found a radiant altar of Vehumet.
  2626 | D:4      | Reached XP level 5. HP: 11/61 MP: 5/5
  2903 | D:4      | Noticed an ogre
  2924 | D:4      | Reached skill level 7 in Fighting
  2928 | D:4      | Mangled by an ogre

Illustrated notes

Levels and vault maps discovered:
D:1:      psy_arrival_wood_between_worlds, layout_basic
D:2:      layout_loops_ring, kennysheep_generic_room_15
D:3:      layout_loops_corners, grunt_temple_overflow_open
D:4:      layout_gridville, vehumet_crystals

Skill      XL: |  1  2  3  4  5 |
---------------+----------------+-----
Dodging        | 2 3 |  3.6
Fighting       | 6 7 |  7.1
Stealth        | |  2.1
Shields        | |  1.0

Action                   |  1- 3 |  4- 6 || total
-------------------------+-------+-------++-------
Melee: Dagger            |   139 |    48 ||   187
Throw: Large rock        |       |     6 ||     6
 Stab: Sleeping          |     3 |       ||     3
Armor: Robe              |    20 |    13 ||    33
Dodge: Dodged            |    70 |    33 ||   103

Table legend: (Time is in decaauts)
 A = Elapsed time spent in this place.
 B = Non-inter-level travel time spent in this place.
 C = Inter-level travel time spent in this place.
 D = Time resting spent in this place.
 E = Time spent auto-exploring this place.
 F = Levels seen in this place.
 G = Mean time per level.
                   A        B        C        D        E       F      G
               +--------+--------+--------+--------+--------+-----+--------+
         Total |   2932 |   2864 |     68 |    307 |   2170 |   4 |  733.0 |
       Dungeon |   2932 |   2864 |     68 |    307 |   2170 |   4 |  733.0 |
               +--------+--------+--------+--------+--------+-----+--------+

Top non-repeatable levels by time:
     D:3: 1534 daAuts
     D:4: 614 daAuts
     D:1: 457 daAuts
     D:2: 326 daAuts
